TOP OF THE 1ST |
Connecticut Huskies batting - Pitching for Texas A&M Aggies : LHP Terry Morris
|
Pitching: LHP Terry Morris
|
|
Batting: RHB Jeff Manley
|
0-0: Foul Ball, location: 2F 0-1: Ball 1-1: Fly out, F5 (Popup, 5F)
|
Batting: RHB Blair Whitehead
|
0-0: Ball 1-0: Ground out 4-3 (Groundball, 4M)
|
Batting: SHB Juan Román
|
0-0: Swinging Strike 0-1: Foul Ball, location: 2F 0-2: Strikes out looking
|
Top of the 1st over - 0 run(s), 0 hit(s), 0 error(s), 0 left on base; Connecticut 0 - Texas A&M 0 |
BOTTOM OF THE 1ST |
Texas A&M Aggies batting - Pitching for Connecticut Huskies : RHP Julius Britton
|
Pitching: RHP Julius Britton
|
|
Batting: LHB Dave Bryant
|
0-0: Called Strike 0-1: SINGLE (Flyball, 7S)
|
Batting: RHB Chris Burrell
|
0-0: Ball Balk! Dave Bryant to second 1-0: Ball 2-0: Foul Ball, location: 2F 2-1: Foul Ball, location: 2F 2-2: Ground out 6-3 (Groundball, 6) Dave Bryant to third
|
Batting: LHB Jeff Douglas
|
0-0: Called Strike 0-1: Ball 1-1: Foul Ball, location: 2F 1-2: Ball 2-2: Ball 3-2: Strikes out looking
|
Batting: RHB Chance May
|
0-0: Foul Ball, location: 2F 0-1: Swinging Strike 0-2: Strikes out swinging
|
Bottom of the 1st over - 0 run(s), 1 hit(s), 0 error(s), 1 left on base; Connecticut 0 - Texas A&M 0 |
TOP OF THE 2ND |
Connecticut Huskies batting - Pitching for Texas A&M Aggies : LHP Terry Morris
|
Batting: RHB Ric Henley
|
0-0: Swinging Strike 0-1: Ball 1-1: Ball 2-1: Ball 3-1: Base on Balls
|
Batting: RHB Michael Skinner
|
0-0: Called Strike 0-1: Ball 1-1: Called Strike 1-2: Ball 2-2: Strikes out looking
|
Batting: RHB Rob Schmidt
|
0-0: Called Strike 0-1: Grounds into double play, 6-4-3 (Groundball, 6)
|
Top of the 2nd over - 0 run(s), 0 hit(s), 0 error(s), 0 left on base; Connecticut 0 - Texas A&M 0 |
BOTTOM OF THE 2ND |
Texas A&M Aggies batting - Pitching for Connecticut Huskies : RHP Julius Britton
|
Batting: RHB Julian Lee
|
0-0: Ground out 6-3 (Groundball, 6)
|
Batting: SHB Clint Woods
|
0-0: Foul Ball, location: 2F 0-1: Ball 1-1: Ground out U3 (Groundball, 3)
|
Batting: LHB Vicente Rangel
|
0-0: Called Strike 0-1: Ball 1-1: Fly out, F9 (Line Drive, 89M)
|
Bottom of the 2nd over - 0 run(s), 0 hit(s), 0 error(s), 0 left on base; Connecticut 0 - Texas A&M 0 |
TOP OF THE 3RD |
Connecticut Huskies batting - Pitching for Texas A&M Aggies : LHP Terry Morris
|
Batting: RHB Alberto Peña
|
0-0: Ball 1-0: Ball 2-0: Fly out, F7 (Flyball, 7M)
|
Batting: LHB Michael Myers
|
0-0: Ball 1-0: Called Strike 1-1: Ball 2-1: Swinging Strike 2-2: Foul Ball, location: 2F 2-2: Fly out, F7 (Flyball, 7M)
|
Batting: RHB Gordon Brown
|
0-0: Ball 1-0: Swinging Strike 1-1: Ball 2-1: SOLO HOME RUN (Flyball, 89XD), Distance : 362 ft
|
Batting: RHB Jeff Manley
|
0-0: Swinging Strike 0-1: Called Strike 0-2: Ball 1-2: Strikes out swinging
|
Top of the 3rd over - 1 run(s), 1 hit(s), 0 error(s), 0 left on base; Connecticut 1 - Texas A&M 0 |
BOTTOM OF THE 3RD |
Texas A&M Aggies batting - Pitching for Connecticut Huskies : RHP Julius Britton
|
Batting: SHB Jason Mason
|
0-0: Fly out, F8 (Flyball, 8RM)
|
Batting: SHB Bill Butler
|
0-0: Ball 1-0: Ball 2-0: Ball 3-0: Base on Balls
|
Batting: LHB Dave Bryant
|
0-0: Foul Ball, location: 2F 0-1: Foul Ball, location: 2F 0-2: Ball 1-2: Foul Ball, location: 2F 1-2: Strikes out swinging
|
Batting: RHB Chris Burrell
|
0-0: Called Strike 0-1: Swinging Strike 0-2: Hit by Pitch Bill Butler to second
|
Batting: LHB Jeff Douglas
|
0-0: Swinging Strike 0-1: Ball 1-1: Ball 2-1: Foul Ball, location: 2F 2-2: Strikes out looking
|
Bottom of the 3rd over - 0 run(s), 0 hit(s), 0 error(s), 2 left on base; Connecticut 1 - Texas A&M 0 |
TOP OF THE 4TH |
Connecticut Huskies batting - Pitching for Texas A&M Aggies : LHP Terry Morris
|
Batting: RHB Blair Whitehead
|
0-0: Ball 1-0: Ball 2-0: SINGLE (Line Drive, 56D)
|
Batting: SHB Juan Román
|
0-0: Ball 1-0: Fly out, F9 (Flyball, 89M)
|
Batting: RHB Ric Henley
|
0-0: Ball 1-0: Called Strike 1-1: Called Strike 1-2: SINGLE (Line Drive, 5) Blair Whitehead to second
|
Batting: RHB Michael Skinner
|
0-0: Called Strike 0-1: Ball 1-1: Fly out, F7 (Flyball, 7M)
|
Batting: RHB Rob Schmidt
|
0-0: Ball 1-0: Called Strike 1-1: Swinging Strike 1-2: Ball 2-2: Foul Ball, location: 2F 2-2: Strikes out swinging
|
Top of the 4th over - 0 run(s), 2 hit(s), 0 error(s), 2 left on base; Connecticut 1 - Texas A&M 0 |
BOTTOM OF THE 4TH |
Texas A&M Aggies batting - Pitching for Connecticut Huskies : RHP Julius Britton
|
Batting: RHB Chance May
|
0-0: Called Strike 0-1: Ball 1-1: Foul Ball, location: 2F 1-2: Ground out 5-3 (Groundball, 56)
|
Batting: RHB Julian Lee
|
0-0: Ball 1-0: DOUBLE (Line Drive, 9LM)
|
Batting: SHB Clint Woods
|
0-0: Ball 1-0: Ball 2-0: Ground out 1-3 (Groundball, 13S) Julian Lee to third
|
Batting: LHB Vicente Rangel
|
0-0: Ball 1-0: Called Strike 1-1: Foul Ball, location: 2F 1-2: SINGLE (Groundball, 34D) Julian Lee scores
|
Batting: SHB Jason Mason
|
0-0: Called Strike 0-1: Foul Ball, location: 2F 0-2: Ball 1-2: Ball 2-2: Ball 3-2: Foul Ball, location: 2F 3-2: Foul Ball, location: 2F 3-2: Foul Ball, location: 2F 3-2: Base on Balls Vicente Rangel to second
|
Batting: SHB Bill Butler
|
0-0: Ground out 5-3 (Groundball, 56)
|
Bottom of the 4th over - 1 run(s), 2 hit(s), 0 error(s), 2 left on base; Connecticut 1 - Texas A&M 1 |
TOP OF THE 5TH |
Connecticut Huskies batting - Pitching for Texas A&M Aggies : LHP Terry Morris
|
Batting: RHB Alberto Peña
|
0-0: Swinging Strike 0-1: Ball 1-1: Foul Ball, location: 2F 1-2: Foul Ball, location: 2F 1-2: Foul Ball, location: 2F 1-2: Foul Ball, location: 2F 1-2: Strikes out swinging
|
Batting: LHB Michael Myers
|
0-0: Ball 1-0: Ground out 4-3 (Groundball, 4)
|
Batting: RHB Gordon Brown
|
0-0: Called Strike 0-1: Ball Error on foul ball, E9 1-2: Ball 2-2: Fly out, F8 (Flyball, 8RM)
|
Top of the 5th over - 0 run(s), 0 hit(s), 1 error(s), 0 left on base; Connecticut 1 - Texas A&M 1 |
BOTTOM OF THE 5TH |
Texas A&M Aggies batting - Pitching for Connecticut Huskies : RHP Julius Britton
|
Batting: LHB Dave Bryant
|
0-0: Ball 1-0: Ball 2-0: Called Strike 2-1: Foul Ball, location: 2F 2-2: Ball 3-2: Base on Balls
|
Batting: RHB Chris Burrell
|
0-0: Foul Ball, location: 2F 0-1: Ball 1-1: Ball 2-1: Ball 3-1: Foul Ball, location: 2F 3-2: Foul Ball, location: 2F 3-2: Ground out 6-3 (Groundball, 6M) Dave Bryant to second
|
Batting: LHB Jeff Douglas
|
0-0: Intentional Walk
|
Pitching: LHP Wilson Romero
|
|
Batting: RHB Chance May
|
0-0: Called Strike 0-1: DOUBLE (Flyball, 9LM) Dave Bryant scores Jeff Douglas to third
|
Batting: RHB Julian Lee
|
0-0: Intentional Walk
|
Batting: SHB Clint Woods
|
0-0: Called Strike 0-1: Ball 1-1: Ball 2-1: Grounds into double play, 5-4-3 (Groundball, 56)
|
Bottom of the 5th over - 1 run(s), 1 hit(s), 0 error(s), 2 left on base; Connecticut 1 - Texas A&M 2 |
TOP OF THE 6TH |
Connecticut Huskies batting - Pitching for Texas A&M Aggies : LHP Terry Morris
|
Batting: RHB Jeff Manley
|
0-0: Ball 1-0: Swinging Strike 1-1: Ball 2-1: Foul Ball, location: 2F 2-2: Ball 3-2: Foul Ball, location: 2F 3-2: Strikes out looking
|
Batting: RHB Blair Whitehead
|
0-0: Called Strike 0-1: Ball 1-1: Foul Ball, location: 2F 1-2: Ball 2-2: Foul Ball, location: 2F 2-2: Strikes out swinging
|
Batting: SHB Juan Román
|
0-0: Ball 1-0: Ground out 5-3 (Groundball, 56)
|
Top of the 6th over - 0 run(s), 0 hit(s), 0 error(s), 0 left on base; Connecticut 1 - Texas A&M 2 |
BOTTOM OF THE 6TH |
Texas A&M Aggies batting - Pitching for Connecticut Huskies : LHP Wilson Romero
|
Batting: LHB Vicente Rangel
|
0-0: Swinging Strike 0-1: Ball 1-1: Ball 2-1: Ball 3-1: Foul Ball, location: 2F 3-2: SINGLE (Groundball, 4MD)
|
Batting: SHB Jason Mason
|
0-0: SINGLE (Line Drive, 89S) Vicente Rangel to second Runner from 2nd tries for 3rd, SAFE, throw made to third
|
Batting: SHB Bill Butler
|
0-0: Called Strike 0-1: Swinging Strike 0-2: Ball 1-2: Foul Ball, location: 2F 1-2: SINGLE (Flyball, 56D) Vicente Rangel scores Jason Mason to second
|
Batting: LHB Dave Bryant
|
0-0: SINGLE (Flyball, 89S) Jason Mason to third Bill Butler to second
|
Batting: RHB Chris Burrell
|
0-0: Ball 1-0: Called Strike 1-1: Fly out, F7 (Flyball, 7S)
|
Batting: LHB Jeff Douglas
|
0-0: Called Strike 0-1: Ground out U3 (Groundball, 3S) Jason Mason scores Bill Butler to third Dave Bryant to second
|
Batting: RHB Chance May
|
0-0: Called Strike 0-1: Ball 1-1: Foul Ball, location: 2F 1-2: Ground out 3-1 (Groundball, 34)
|
Bottom of the 6th over - 2 run(s), 4 hit(s), 0 error(s), 2 left on base; Connecticut 1 - Texas A&M 4 |
TOP OF THE 7TH |
Connecticut Huskies batting - Pitching for Texas A&M Aggies : LHP Terry Morris
|
Pitching: RHP Corey Miller
|
|
Batting: RHB Ric Henley
|
0-0: Ground out 2-3 (Groundball, 23)
|
Batting: RHB Michael Skinner
|
0-0: Ball 1-0: Foul Ball, location: 2F 1-1: Called Strike 1-2: Strikes out looking
|
Batting: RHB Rob Schmidt
|
0-0: Ball 1-0: Called Strike 1-1: Fly out, F8 (Flyball, 8RM)
|
Top of the 7th over - 0 run(s), 0 hit(s), 0 error(s), 0 left on base; Connecticut 1 - Texas A&M 4 |
BOTTOM OF THE 7TH |
Texas A&M Aggies batting - Pitching for Connecticut Huskies : LHP Wilson Romero
|
Batting: RHB Julian Lee
|
0-0: Called Strike 0-1: Ball 1-1: Ball 2-1: SINGLE (Line Drive, 6D)
|
Batting: SHB Clint Woods
|
0-0: SINGLE (Groundball, 3S) Julian Lee to second Runner from 2nd tries for 3rd, SAFE, no throw or cutoff
|
Batting: LHB Vicente Rangel
|
0-0: Called Strike 0-1: Ball 1-1: Foul Ball, location: 2F 1-2: Foul Ball, location: 2F 1-2: Ball 2-2: Foul Ball, location: 2F 2-2: Ground out 4-3 (Groundball, 4M) Clint Woods to second
|
Batting: SHB Jason Mason
|
0-0: Intentional Walk
|
Pitching: LHP Edgar Tillman
|
|
Batting: SHB Bill Butler
|
0-0: Ball 1-0: Foul Ball, location: 2F 1-1: Swinging Strike 1-2: Foul Ball, location: 2F 1-2: Strikes out looking
|
Batting: LHB Dave Bryant
|
0-0: SINGLE (Line Drive, 8RS) Julian Lee scores Clint Woods to third Jason Mason to second
|
Batting: RHB Chris Burrell
|
0-0: Ball 1-0: Foul Ball, location: 2F 1-1: Swinging Strike 1-2: Ball 2-2: Ball 3-2: Fly out, F4 (Popup, 4D)
|
Bottom of the 7th over - 1 run(s), 3 hit(s), 0 error(s), 3 left on base; Connecticut 1 - Texas A&M 5 |
TOP OF THE 8TH |
Connecticut Huskies batting - Pitching for Texas A&M Aggies : RHP Corey Miller
|
Batting: RHB Alberto Peña
|
0-0: Called Strike 0-1: Ground out 3-1 (Groundball, 3)
|
Batting: LHB Michael Myers
|
0-0: Called Strike 0-1: Called Strike 0-2: Ball 1-2: Ball 2-2: Foul Ball, location: 2F 2-2: Ball 3-2: Foul Ball, location: 2F 3-2: SINGLE (Line Drive, 4MD)
|
Batting: RHB Gordon Brown
|
0-0: Fielders Choice at 2nd, 5-4 (Groundball, 5)
|
Batting: RHB Jeff Manley
|
0-0: Ball 1-0: Called Strike 1-1: Ball 2-1: Swinging Strike 2-2: Ball 3-2: Foul Ball, location: 2F 3-2: Strikes out swinging
|
Top of the 8th over - 0 run(s), 1 hit(s), 0 error(s), 1 left on base; Connecticut 1 - Texas A&M 5 |
BOTTOM OF THE 8TH |
Texas A&M Aggies batting - Pitching for Connecticut Huskies : LHP Edgar Tillman
|
Batting: LHB Jeff Douglas
|
0-0: Swinging Strike 0-1: Foul Ball, location: 2F 0-2: SOLO HOME RUN (Flyball, 89XD), Distance : 366 ft
|
Batting: RHB Chance May
|
0-0: Called Strike 0-1: Ground out 5-3 (Groundball, 56)
|
Batting: RHB Julian Lee
|
0-0: Called Strike 0-1: Foul Ball, location: 2F 0-2: Foul Ball, location: 2F 0-2: Ball 1-2: SINGLE (Groundball, 3)
|
Batting: SHB Clint Woods
|
0-0: Called Strike Julian Lee is caught stealing 2nd base 0-1: SINGLE (Groundball, 23) (infield hit)
|
Batting: LHB Vicente Rangel
|
0-0: Called Strike 0-1: Swinging Strike 0-2: Foul Ball, location: 2F 0-2: Foul Ball, location: 2F 0-2: Ball 1-2: Strikes out swinging
|
Bottom of the 8th over - 1 run(s), 3 hit(s), 0 error(s), 1 left on base; Connecticut 1 - Texas A&M 6 |
TOP OF THE 9TH |
Connecticut Huskies batting - Pitching for Texas A&M Aggies : RHP Corey Miller
|
Pitching: RHP José Gusmán
|
|
Now in LF: Carl Burke
|
|
Batting: RHB Blair Whitehead
|
0-0: Called Strike 0-1: Foul Ball, location: 2F 0-2: Fly out, F8 (Flyball, 8RD)
|
Batting: SHB Juan Román
|
0-0: Ground out U3 (Groundball, 3)
|
Batting: RHB Ric Henley
|
0-0: Ball 1-0: Ball 2-0: Ball 3-0: Called Strike 3-1: Fly out, F7 (Flyball, 7D)
|
Top of the 9th over - 0 run(s), 0 hit(s), 0 error(s), 0 left on base; Connecticut 1 - Texas A&M 6 |
|